 BcadrenCrawl: Boulder Brew version 0.04.11-12-g2372ce9741 (webtiles) character file.

Game seed: 5890526198272178831, levelgen mode: deterministic

485 Chiseanne the Nimble (level 7, 0/61 HPs) Goblin Demonspawn. Began on Apr 12, 2021. Splashed by a jelly's acid (4 damage) ... on level 3 of the Dungeon. The game lasted 00:03:47 (1246 turns).

Chiseanne the Nimble (Goblin Demonspawn)            Turns: 1246, Time: 00:03:48

Health: 0/61       AC: -3    Str:  8    XL:     7 ^: 316
Magic:  8/8        EV: 15    Int:  6    God:
Gold:   90         SH:  0    Dex:  6    Spells: 7/8 levels left

rFire    . . .     Vision   .   a - +1 long sword
rCold    . . .     Gourm    .   i - +0 short sword
rNeg     . . .     Faith    .   m - +0 ring mail
rPois    .         Spirit   .   (no helmet)
rElec    .         Reflect  .   f - +0 cloak
rCorr    .         Harm     .   (no gloves)
MR       .....                  (no boots)
Stlth    +.........             (no amulet)
HPRegen  0.30/turn              (no ring)
MPRegen  0.18/turn              (no ring)

@: corroded
A: small, stagnant stats, goblin's greed, talons 1, slimy green scales 1, low mp
1, mutation resistance 1, powered by death 1, god's pity 2
a: no special abilities


You were on level 3 of the Dungeon.
You were not hungry.

You visited 1 branch of the dungeon, and saw 3 of its levels.

You collected 74 gold pieces.

Inventory:

Weapons
 a - a +1 long sword (weapon)
 i - a +0 short sword (weapon)
Armour
 f - a +0 cloak (worn)
 m - a +0 ring mail (worn)
Jewellery
 k - an uncursed ring of wizardry
 l - an uncursed ring of fire
Wands
 h - a wand of flame (2)
Scrolls
 c - 4 scrolls of teleportation
 g - a scroll of magic mapping
Potions
 b - a potion of cure mutation
 e - a potion of cancellation
Comestibles
 d - 4 rations
 j - 7 chunks of flesh


   Skills:
 * Level 11.5 Fighting
 - Level 2.6 Long Blades
 * Level 2.3 Armour
 * Level 12.0 Dodging
 - Level 2.6 Stealth
 - Level 1.3 Spellcasting
 - Level 2.6 Fire Magic
   Level 4.0 Invocations


You had 7 spell levels left.
You knew the following spells:

 Your Spells              Type           Power        Failure   Level  Hunger
a - Flame Tongue          Fire           3 (30)       24%         1    ##.....

Your spell library contained the following spells:

 Spells                   Type           Power        Failure   Level  Hunger
 Conjure Flame            Fire           3 (100)      58%         3    ####...
 Blink                    Tloc           N/A          73%         2    ###....
 Call Imp                 Summ           0 (100)      73%         2    ###....
 Slow                     Hex            0 (100)      73%         2    ###....
 Mephitic Cloud           Pois/Air       0 (100)      91%         3    ####...


Dungeon Overview and Level Annotations

Branches:
Dungeon (3/8)

Altars:


Innate Abilities, Weirdness & Mutations

Your stats never grow through leveling.
Your goblin ancestry allows you to find more gold. (+20%)
You are small and have problems with some larger weapons.
You have sharp toenails.
You are partially covered in slimy green scales. (AC +2)
Your magical capacity is low. (-10% MP)
You are somewhat resistant to further mutation.
You regenerate a little health from kills.
The pity of the gods increases the power of your passive and invoked divine abilities.


Message History

The cinder newt closely misses you (0).
You hit the cinder newt (3).
You kill the cinder newt!
The jelly hits you (1).
You are splashed with acid (10)!
The jelly hits you (2). The acid corrodes you!
You are splashed with acid (8)!
There is a stone staircase leading up here.
You see here a cinder newt corpse.
You hit the jelly (5).
Your hands burn (4).
You hit the jelly (3).
Your hands burn (1).
The jelly hits you (1). The acid corrodes you!
You are splashed with acid (9)!
The jelly barely misses you (0). x2
You hit the jelly (5). The acid corrodes you!
Your hands burn (4).
You hit the jelly but do no damage.
Your hands burn (5).
* * * LOW HITPOINT WARNING * * *
You claw the jelly, but do no damage. The jelly hits you (3).
* * * LOW HITPOINT WARNING * * *
The acid corrodes you!
You are splashed with acid (11)!
* * * LOW HITPOINT WARNING * * *
The jelly misses you (0).
You riposte.
You hit the jelly but do no damage. You hit the jelly (1).
Your hands burn (4).
You die...

## ###. #.#
..##...#..
..........
.........#
.........# ##.
......[..# ...
.........###.#
.......J†#...#
...#...#@..## ..
#.##.......## ....
.........#..##....
#.##.....##.#.....
# #.............
#...........#
#####.......#
#[......#
#.#.###.#


You could see a jelly.

Vanquished Creatures
  A jelly (D:3)
  An orc wizard (D:3)
  A worker ant (D:3)
  3 giant cockroaches (D:1)
  2 adders
  5 sewer rats (D:2)
  7 cinder newts
  4 worms
  A dart slug (D:1)
  4 leopard geckos
  2 orcs (D:3)
  2 ball pythons
  8 bats
  6 goblins (D:1)
  2 hobgoblins (D:1)
  2 kobolds (D:1)
  A bat skeleton (D:2)
  6 rats (D:1)
58 creatures vanquished.

Vanquished Creatures (others)
  A kobold (D:2)
  55 withered plants (D:2)
56 creatures vanquished.

Grand Total: 114 creatures vanquished

Notes
Turn   | Place    | Note
-------+----------+-------------------------------------------
     0 | D:1      | Chiseanne the Goblin Demonspawn began the quest for the
                  | Orb.
     0 | D:1      | Reached XP level 1. HP: 13/13 MP: 2/2
    20 | D:1      | Gained mutation: You have sharp toenails. [demonic
                  | ancestry]
    20 | D:1      | Reached XP level 2. HP: 20/20 MP: 3/3
    42 | D:1      | Reached XP level 3. HP: 25/25 MP: 4/4
   182 | D:1      | Reached skill level 5 in Dodging
   201 | D:1      | Reached XP level 4. HP: 31/31 MP: 5/5
   542 | D:1      | Gained mutation: You are partially covered in slimy green
                  | scales. (AC +2) [demonic ancestry]
   542 | D:1      | Reached XP level 5. HP: 30/37 MP: 6/6
   910 | D:2      | Reached skill level 1 in Armour
  1047 | D:2      | Gained mutation: You regenerate a little health from kills.
                  | [demonic ancestry]
  1047 | D:2      | Reached XP level 6. HP: 44/44 MP: 7/7
  1061 | D:3      | Reached skill level 12 in Dodging
  1061 | D:3      | Reached XP level 7. HP: 26/61 MP: 8/8
  1246 | D:3      | Splashed by a jelly's acid

Levels and vault maps discovered:
D:1:      evilmike_arrival_run_for_it, layout_basic
D:2:      layout_sewer, first_ration
D:3:      ossuary_bcadren_due_volcanic, layout_rooms, kennysheep_little_box

Skill      XL: |  1  2  3  4  5  6  7 |
---------------+----------------------+-----
Fighting       | 2 3 4 11 | 11.5
Dodging        | 5 12 | 12.0
Armour         | 1 2 |  2.3
Long Blades    | |  2.6
Stealth        | |  2.6
Spellcasting   | |  1.3
Fire Magic     | |  2.6
Invocations    | |  4.0

Action                   |  1- 3 |  4- 6 |  7- 9 || total
-------------------------+-------+-------+-------++-------
Melee: Long sword        |    48 |    87 |    20 ||   155
       Unarmed           |    41 |     8 |       ||    49
       Kick              |     2 |     2 |     3 ||     7
       Short sword       |       |    64 |    12 ||    76
  Use: Scroll            |       |     1 |       ||     1
       Potion            |       |     2 |       ||     2
  Eat: Chunk             |       |     2 |       ||     2
Armor: Leather armour    |    11 |    20 |       ||    31
       Ring mail         |       |    22 |     7 ||    29
Dodge: Dodged            |    48 |   119 |    55 ||   222
       Rpst.: Long sword |    16 |    42 |    14 ||    72
